 Dungeon Crawl Stone Soup version 0.27.1-1-g398f81649c (webtiles) character file.

Game seed: 7000496857974794133

210 pbellow the Chopper (level 5, -4/47 HPs)
             Began as a Hill Orc Fighter on Sept 11, 2021.
             Slain by a gnoll (9 damage)
             ... on level 4 of the Dungeon.
             The game lasted 00:06:57 (3126 turns).

pbellow the Chopper (Hill Orc Fighter)              Turns: 3126, Time: 00:06:58

Health: -4/47      AC:  8    Str: 20    XL:     5   Next: 88%
Magic:  5/5        EV:  4    Int:  8    God:
Gold:   798        SH:  0    Dex: 10    Spells: 4/4 levels left

rFire    . . .     SeeInvis .   a - +0 war axe
rCold    . . .     Faith    .   c - +0 kite shield
rNeg     . . .     Spirit   .   b - +0 scale mail
rPois    .         Reflect  .   (no helmet)
rElec    .         Harm     .   (no cloak)
rCorr    .         Rampage  .   g - +0 pair of gloves
Will     .....                  (no boots)
Stlth    ..........             m - amulet of regeneration
HPRegen  1.15/turn              (no ring)
MPRegen  0.09/turn              (no ring)

@: held
A: no striking features
a: no special abilities


You were on level 4 of the Dungeon.
You visited 1 branch of the dungeon, and saw 4 of its levels.

You collected 798 gold pieces.

Inventory:

Hand Weapons
 a - a +0 war axe (weapon)
Armour
 b - a +0 scale mail (worn)
 c - a +0 kite shield (worn)
 g - a +0 pair of gloves (worn)
Jewellery
 d - a ring of wizardry
 m - an amulet of regeneration (around neck)
Scrolls
 e - a scroll of noise
 f - 2 scrolls of identify
 i - a scroll of silence {unknown}
 k - a scroll of teleportation {unknown}
Potions
 h - 2 potions of flight
 l - a potion of curing {unknown}


   Skills:
 + Level 4.3 Fighting
 + Level 5.0 Axes
 + Level 4.3 Armour
 + Level 1.0 Dodging
 + Level 0.2 Stealth
 + Level 4.2 Shields


You had 4 spell levels left.
You didn't know any spells.
Your spell library contained the following spells:

 Spells                   Type           Power      Damage    Failure   Level
 Corona                   Hex            0%         N/A       99%         1
 Ensorcelled Hibernation  Hex/Ice        0%         N/A       100%        2
 Slow                     Hex            0%         N/A       100%        2
 Confusing Touch          Hex            0%         N/A       100%        3
 Spider Form              Tmut/Pois      0%         N/A       100%        3
 Tukima's Dance           Hex            0%         N/A       100%        3
 Vampiric Draining        Necr           0%         2d6       100%        3
 Shadow Creatures         Summ           N/A        N/A       100%        6


Dungeon Overview and Level Annotations

Branches:
Dungeon (4/15)
 Temple: D:4-7

Altars:
Ashenzari


Message History

A gnoll comes into view. It is wielding a +0 club.
The gnoll barely misses you.
The black bear goes berserk!
The gnoll shouts!
The gnoll hits you from afar with a +0 spear.
You block the gnoll's attack. You block the gnoll's attack.
The gnoll throws a throwing net.
The throwing net hits you.
You become entangled in the net!
The black bear barely misses you.
The black bear claws you but does no damage. x2
You see here a throwing net.
You struggle against the net.
The gnoll hits you from afar with a +0 spear.
The black bear bites you.
The black bear claws you but does no damage.
The black bear claws you.
You struggle against the net.
The black bear bites you! The black bear claws you.
The black bear claws you but does no damage.
The gnoll hits you from afar with a +0 spear!
The gnoll barely misses you. The black bear bites you.
* * * LOW HITPOINT WARNING * * *
The black bear claws you.
* * * LOW HITPOINT WARNING * * *
The black bear claws you but does no damage.
You struggle against the net.
The gnoll hits you from afar with a +0 spear.
* * * LOW HITPOINT WARNING * * *
The gnoll hits you from afar with a +0 halberd!
* * * LOW HITPOINT WARNING * * *
The black bear bites you but does no damage.
The black bear claws you but does no damage. x2
It was a potion of heal wounds.
You feel much better. The black bear bites you!
* * * LOW HITPOINT WARNING * * *
The black bear claws you.
* * * LOW HITPOINT WARNING * * *
The black bear claws you.
* * * LOW HITPOINT WARNING * * *
The gnoll completely misses you.
The gnoll hits you from afar with a +0 halberd!
You die...

##+#... .....##+##########
.....#...........#
.....#...........#
.....#...........#
.....#...........#
.....#'##.####..###### ####
+#......#.####..#g.#.##....#
#......+...#...@hg..(.....#
#......#...#.....g>.......#
#......#...#....).........#
#......############.......#
####..... #.......# #.....
........# #...... ........#
##.......#


You could see a black bear (berserk) and 3 gnolls.

Vanquished Creatures
  A scorpion (D:3)
  An orc wizard (D:3)
  A hound skeleton (D:4)
  3 gnolls (D:2)
  An adder (D:4)
  2 worms
  A dart slug (D:2)
  3 orcs (D:3)
  5 endoplasms
  3 giant cockroaches
  7 goblins
  3 hobgoblins
  8 jackals
  3 kobolds
  4 quokkas
  4 ball pythons
  3 bats
  5 frilled lizards
  3 rats
61 creatures vanquished.

Notes
Turn   | Place    | Note
-------+----------+-------------------------------------------
     0 | D:1      | pbellow the Hill Orc Fighter began the quest for the Orb.
     0 | D:1      | Reached XP level 1. HP: 19/19 MP: 1/1
   391 | D:1      | Reached skill level 3 in Axes
   391 | D:1      | Reached XP level 2. HP: 25/27 MP: 2/2
   418 | D:1      | You fall into a shaft and drop 1 floor!
   440 | D:2      | Found a broken altar of Ashenzari.
   551 | D:2      | Reached XP level 3. HP: 5/33 MP: 3/3
  1377 | D:2      | Reached XP level 4. HP: 35/40 MP: 4/4
  1719 | D:1      | Found a faded altar of an unknown god.
  2236 | D:3      | Reached skill level 4 in Axes
  2346 | D:3      | Noticed a scorpion
  2353 | D:3      | Killed a scorpion
  2354 | D:3      | Reached XP level 5. HP: 31/46 MP: 5/5
  2913 | D:4      | Reached skill level 5 in Axes
  2930 | D:4      | Reached skill level 1 in Dodging
  2939 | D:4      | Identified a scroll of acquirement
  2939 | D:4      | Acquired 677 gold pieces
  3110 | D:4      | Noticed a black bear
  3125 | D:4      | HP: 1/47 [gnoll (7)]
  3126 | D:4      | Slain by a gnoll

Illustrated notes

Levels and vault maps discovered:
D:1:      amcnicky_arrival_double_pillar, layout_loops_corners,
          ebering_ecumenical_altar_abandoned
D:2:      layout_rooms, basic_altar, minmay_box_of_dots
D:3:      layout_basic
D:4:      layout_gridville, minmay_temple_entry_enclosed_plants

Skill      XL: |  1  2  3  4  5 |
---------------+----------------+-----
Axes           | 3 4 5 |  5.0
Fighting       | 4 |  4.3
Armour         | 4 |  4.3
Shields        | 4 |  4.2
Dodging        | 1 |  1.0
Stealth        | |  0.2

Action                   |  1- 3 |  4- 6 || total
-------------------------+-------+-------++-------
Melee: War axe           |    75 |   113 ||   188
  Use: Potion            |     1 |     1 ||     2
       Scroll            |       |     5 ||     5
Armor: Scale mail        |    36 |    65 ||   101
Dodge: Dodged            |    14 |    36 ||    50
Block: Kite shield       |    44 |    76 ||   120
